SNL (28 & UNDER)
SANTA FE DIABLOS @ BLACKIRON DRAGONS
04/27/2026
 
TOP OF THE 1ST
Santa Fe Diablos batting - Pitching for BlackIron Dragons : LHP Ben Johnson
Pitching: LHP Ben Johnson
Batting: SHB George Adams 0-0: Ball
1-0: Ball
2-0: Called Strike
2-1: Swinging Strike
2-2: Fly out, F7 (Flyball, 7M)
Batting: LHB Gary Kern 0-0: Swinging Strike
0-1: Ground out 3-1 (Groundball, 3)
Batting: RHB Roberto Zamora 0-0: Ball
1-0: Called Strike
1-1: Called Strike
1-2: Foul Ball, location: 2F
1-2: Strikes out looking
Top of the 1st over - 0 run(s), 0 hit(s), 0 error(s), 0 left on base; Santa Fe 0 - BlackIron 0
BOTTOM OF THE 1ST
BlackIron Dragons batting - Pitching for Santa Fe Diablos : RHP Tony Henderson
Pitching: RHP Tony Henderson
Batting: RHB José Colón 0-0: Ball
1-0: Swinging Strike
1-1: Ball
2-1: Swinging Strike
2-2: Foul Ball, location: 2F
2-2: Ball
3-2: Strikes out swinging
Batting: RHB Boyd Pittman 0-0: Called Strike
0-1: Ball
1-1: Foul Ball, location: 2F
1-2: Ball
2-2: Strikes out swinging
Batting: RHB Gil Palmer 0-0: Swinging Strike
0-1: Called Strike
0-2: Foul Ball, location: 2F
0-2: Ball
1-2: Strikes out looking
Bottom of the 1st over - 0 run(s), 0 hit(s), 0 error(s), 0 left on base; Santa Fe 0 - BlackIron 0
TOP OF THE 2ND
Santa Fe Diablos batting - Pitching for BlackIron Dragons : LHP Ben Johnson
Batting: RHB Murai Ishihara 0-0: Ball
1-0: Ball
2-0: Ball
3-0: Base on Balls
Batting: RHB Robert Johnson 0-0: Ball
1-0: Ball
2-0: Called Strike
2-1: SINGLE (Line Drive, 6MD)
Murai Ishihara to second
Batting: RHB Claudio Souza 0-0: Foul Ball, location: 2F
0-1: Ball
1-1: Fly out, F8 (Flyball, 8LM)
Batting: SHB Pancho Vásquez 0-0: Called Strike
0-1: Ball
1-1: Ball
2-1: Foul Ball, location: 2F
2-2: Foul Ball, location: 2F
2-2: Strikes out swinging
Batting: SHB Scott Compton 0-0: Ball
1-0: Fielders Choice at 2nd, 6-4 (Groundball, 6)
Top of the 2nd over - 0 run(s), 1 hit(s), 0 error(s), 1 left on base; Santa Fe 0 - BlackIron 0
BOTTOM OF THE 2ND
BlackIron Dragons batting - Pitching for Santa Fe Diablos : RHP Tony Henderson
Batting: LHB Culley Vaughan 0-0: Foul Ball, location: 2F
0-1: Foul Ball, location: 2F
0-2: Ball
1-2: Ball
2-2: Ground out 4-3 (Groundball, 4)
Batting: RHB Preston MacLyan 0-0: Ball
1-0: Fly out, F7 (Flyball, 78M)
Batting: RHB Frank Maxwell 0-0: Called Strike
0-1: Ground out 6-3 (Groundball, 6)
Bottom of the 2nd over - 0 run(s), 0 hit(s), 0 error(s), 0 left on base; Santa Fe 0 - BlackIron 0
TOP OF THE 3RD
Santa Fe Diablos batting - Pitching for BlackIron Dragons : LHP Ben Johnson
Batting: LHB Roberto Lozano 0-0: Ball
1-0: Called Strike
1-1: Ball
2-1: Called Strike
2-2: Ball
3-2: Foul Ball, location: 2F
3-2: Foul Ball, location: 2F
3-2: Foul Ball, location: 2F
3-2: Base on Balls
Batting: SHB George Adams 0-0: Ball
1-0: Ball
2-0: Ball
3-0: Base on Balls
Roberto Lozano to second
Batting: LHB Gary Kern 0-0: Ball
1-0: Called Strike
1-1: SINGLE (Line Drive, 8LS)
Roberto Lozano to third
George Adams to second
Runner from 3rd tries for Home, SAFE, no throw or cutoff
Batting: RHB Roberto Zamora 0-0: Swinging Strike
0-1: Foul Ball, location: 2F
0-2: Ball
1-2: Foul Ball, location: 2F
1-2: Strikes out swinging
Batting: RHB Murai Ishihara 0-0: Grounds into double play, 6-4-3 (Groundball, 6)
Top of the 3rd over - 1 run(s), 1 hit(s), 0 error(s), 1 left on base; Santa Fe 1 - BlackIron 0
BOTTOM OF THE 3RD
BlackIron Dragons batting - Pitching for Santa Fe Diablos : RHP Tony Henderson
Batting: RHB Mark Arnold 0-0: Called Strike
0-1: SINGLE (Groundball, 6MD)
Batting: RHB Doug O'Brien 0-0: Ball
1-0: Swinging Strike
1-1: Called Strike
1-2: Strikes out looking
Batting: RHB Eugene Payne 0-0: Called Strike
0-1: Ball
1-1: Ball
2-1: Foul Ball, location: 2F
2-2: Ball
3-2: Fly out, F4 (Popup, 3D)
Batting: RHB José Colón 0-0: Called Strike
0-1: Called Strike
0-2: Ball
1-2: Foul Ball, location: 2F
1-2: Ball
2-2: Foul Ball, location: 2F
2-2: Ball
3-2: SINGLE (Groundball, 5D)
Mark Arnold to second
Mark Arnold to third
Batting: RHB Boyd Pittman 0-0: Called Strike
0-1: Ball
1-1: Ground out 4-3 (Groundball, 4)
Bottom of the 3rd over - 0 run(s), 2 hit(s), 0 error(s), 2 left on base; Santa Fe 1 - BlackIron 0
TOP OF THE 4TH
Santa Fe Diablos batting - Pitching for BlackIron Dragons : LHP Ben Johnson
Batting: RHB Robert Johnson 0-0: Fly out, F3 (Popup, 3DF)
Batting: RHB Claudio Souza 0-0: Ball
1-0: Ball
2-0: Called Strike
2-1: Ground out 6-3 (Groundball, 6)
Batting: SHB Pancho Vásquez 0-0: Ground out 4-3 (Groundball, 4M)
Top of the 4th over - 0 run(s), 0 hit(s), 0 error(s), 0 left on base; Santa Fe 1 - BlackIron 0
BOTTOM OF THE 4TH
BlackIron Dragons batting - Pitching for Santa Fe Diablos : RHP Tony Henderson
Batting: RHB Gil Palmer 0-0: Ball
1-0: Foul Ball, location: 2F
1-1: Ball
2-1: Foul Ball, location: 2F
2-2: Ball
3-2: Foul Ball, location: 2F
3-2: Base on Balls
Batting: LHB Culley Vaughan 0-0: Ball
1-0: Ball
2-0: Foul Ball, location: 2F
2-1: Ball
Passed Ball!
Gil Palmer to second
3-1: Base on Balls
Batting: RHB Preston MacLyan 0-0: Called Strike
0-1: Foul Ball, location: 2F
0-2: Fielders Choice at 2nd, 6-4 (Groundball, 6)
Gil Palmer to third
Batting: RHB Frank Maxwell 0-0: Ball
1-0: Called Strike
1-1: SINGLE (Groundball, 6MD)
Gil Palmer scores
Preston MacLyan to second
Runner from 2nd tries for 3rd, SAFE, no throw or cutoff
Batting: RHB Mark Arnold 0-0: Ball
1-0: Ball
2-0: Called Strike
2-1: Called Strike
2-2: Ball
3-2: Ground out 5-3 (Groundball, 5S)
Preston MacLyan scores
Frank Maxwell to second
Batting: RHB Doug O'Brien 0-0: Ball
1-0: Ball
2-0: SINGLE (Groundball, 6MD)
Frank Maxwell to third
Runner from 3rd tries for Home, SAFE, no throw or cutoff
Batting: RHB Eugene Payne 0-0: Swinging Strike
0-1: Ball
1-1: Ball
2-1: Foul Ball, location: 2F
2-2: Strikes out swinging
Bottom of the 4th over - 3 run(s), 2 hit(s), 0 error(s), 1 left on base; Santa Fe 1 - BlackIron 3
TOP OF THE 5TH
Santa Fe Diablos batting - Pitching for BlackIron Dragons : LHP Ben Johnson
Batting: SHB Scott Compton 0-0: Called Strike
0-1: Ball
1-1: Called Strike
1-2: SINGLE (Line Drive, 8LS)
Batting: LHB Roberto Lozano 0-0: Ball
1-0: Ball
2-0: Called Strike
2-1: Fly out, F5 (Popup, 5)
Batting: SHB George Adams 0-0: Ball
1-0: Ball
2-0: Ball
3-0: Called Strike
3-1: Foul Ball, location: 2F
3-2: Base on Balls
Scott Compton to second
Batting: LHB Gary Kern 0-0: Called Strike
0-1: Foul Ball, location: 2F
0-2: Ball
1-2: Strikes out swinging
Batting: RHB Roberto Zamora 0-0: Ball
1-0: Ball
2-0: Fly out, F7 (Line Drive, 7M)
Top of the 5th over - 0 run(s), 1 hit(s), 0 error(s), 2 left on base; Santa Fe 1 - BlackIron 3
BOTTOM OF THE 5TH
BlackIron Dragons batting - Pitching for Santa Fe Diablos : RHP Tony Henderson
Batting: RHB José Colón 0-0: Ball
1-0: Called Strike
1-1: Foul Ball, location: 2F
1-2: Ball
2-2: Strikes out swinging
Batting: RHB Boyd Pittman 0-0: Called Strike
0-1: Foul Ball, location: 2F
0-2: Foul Ball, location: 2F
0-2: Strikes out swinging
Batting: RHB Gil Palmer 0-0: Foul Ball, location: 2F
0-1: Ball
1-1: Ball
2-1: Ball
3-1: Swinging Strike
3-2: Foul Ball, location: 2F
3-2: Base on Balls
Pitching: LHP Sean Perry
Batting: LHB Culley Vaughan 0-0: Ball
1-0: Foul Ball, location: 2F
1-1: Ball
2-1: Fielders Choice at 2nd, U4 (Groundball, 4M)
Bottom of the 5th over - 0 run(s), 0 hit(s), 0 error(s), 1 left on base; Santa Fe 1 - BlackIron 3
TOP OF THE 6TH
Santa Fe Diablos batting - Pitching for BlackIron Dragons : LHP Ben Johnson
Batting: RHB Murai Ishihara 0-0: Called Strike
0-1: Swinging Strike
0-2: Ball
1-2: DOUBLE (Flyball, 8LD)
Pitching: RHP Ken Burris
Batting: RHB Robert Johnson 0-0: Ball
1-0: SINGLE (Line Drive, 89S)
Murai Ishihara to third
Batting: RHB Claudio Souza 0-0: Called Strike
0-1: DOUBLE (Flyball, 78D)
Murai Ishihara scores
Robert Johnson to third
Batting: SHB Pancho Vásquez 0-0: Ball
1-0: Ball
2-0: Ball
3-0: Base on Balls
Batting: SHB Scott Compton 0-0: Called Strike
0-1: Called Strike
0-2: Foul Ball, location: 2F
0-2: Ball
1-2: Grounds into fielders choice 4-2 (Groundball, 4)
Claudio Souza to third
Pancho Vásquez to second
Batting: LHB Roberto Lozano 0-0: Foul Ball, location: 2F
0-1: Ball
1-1: Ball
2-1: Fly out, F6 (Popup, 56D)
Batting: SHB George Adams 0-0: Ball
1-0: Foul Ball, location: 2F
1-1: Ground out 4-3 (Groundball, 34)
Top of the 6th over - 1 run(s), 3 hit(s), 0 error(s), 3 left on base; Santa Fe 2 - BlackIron 3
BOTTOM OF THE 6TH
BlackIron Dragons batting - Pitching for Santa Fe Diablos : LHP Sean Perry
Batting: RHB Preston MacLyan 0-0: Ball
1-0: Called Strike
1-1: Ball
2-1: Foul Ball, location: 2F
2-2: Strikes out swinging
Batting: RHB Frank Maxwell 0-0: Ball
1-0: Ball
2-0: Foul Ball, location: 2F
2-1: Swinging Strike
2-2: Foul Ball, location: 2F
2-2: Ball
3-2: Foul Ball, location: 2F
3-2: Base on Balls
Batting: RHB Mark Arnold 0-0: Ball
Pickoff Throw to First - Out!
1-0: Swinging Strike
1-1: Swinging Strike
1-2: Ball
2-2: Ball
3-2: Fly out, F9 (Flyball, 9LMF)
Bottom of the 6th over - 0 run(s), 0 hit(s), 0 error(s), 0 left on base; Santa Fe 2 - BlackIron 3
TOP OF THE 7TH
Santa Fe Diablos batting - Pitching for BlackIron Dragons : RHP Ken Burris
Batting: LHB Gary Kern 0-0: Swinging Strike
0-1: Foul Ball, location: 2F
0-2: Ball
1-2: Strikes out swinging
Batting: RHB Roberto Zamora 0-0: Ball
1-0: Foul Ball, location: 2F
1-1: Ground out 6-3 (Groundball, 6)
Batting: RHB Murai Ishihara 0-0: Ball
1-0: Called Strike
1-1: SINGLE (Flyball, 89S)
Batting: RHB Robert Johnson 0-0: Ball
Murai Ishihara steals 2nd base
1-0: Ball
2-0: DOUBLE (Groundball, 5L)
Murai Ishihara scores
Pinch Hitting: LHB John Nicholson 0-0: Ball
1-0: Called Strike
1-1: Foul Ball, location: 2F
1-2: Strikes out looking
Top of the 7th over - 1 run(s), 2 hit(s), 0 error(s), 1 left on base; Santa Fe 3 - BlackIron 3
BOTTOM OF THE 7TH
BlackIron Dragons batting - Pitching for Santa Fe Diablos : LHP Sean Perry
Now in RF: John Nicholson
Batting: RHB Doug O'Brien 0-0: Ball
1-0: Called Strike
1-1: Ball
2-1: Ball
3-1: Foul Ball, location: 2F
3-2: DOUBLE (Line Drive, 78XD)
Batting: RHB Eugene Payne 0-0: Ball
1-0: Called Strike
1-1: Fly out, F8 (Flyball, 8LS)
Batting: RHB José Colón 0-0: Intentional Walk
Pinch Runner at 2nd Juan Hernández:
Batting: RHB Boyd Pittman 0-0: Ball
1-0: SINGLE (Groundball, 4MS) (infield hit)
Juan Hernández to third
José Colón to second
Batting: RHB Gil Palmer 0-0: Ball
1-0: Ball
2-0: Called Strike
2-1: Ball
3-1: Base on Balls
Juan Hernández scores
José Colón to third
Boyd Pittman to second
Batting: LHB Culley Vaughan 0-0: Fly out, F7 (Flyball, 7S)
Batting: RHB Preston MacLyan 0-0: Ball
1-0: Ground out 1-3 (Groundball, 13S)
Bottom of the 7th over - 1 run(s), 2 hit(s), 0 error(s), 3 left on base; Santa Fe 3 - BlackIron 4
TOP OF THE 8TH
Santa Fe Diablos batting - Pitching for BlackIron Dragons : RHP Ken Burris
Pitching: LHP Roberto Ontiveros
Now at 3B: Juan Hernández
Batting: SHB Pancho Vásquez 0-0: Called Strike
0-1: Ball
1-1: Called Strike
1-2: Strikes out looking
Pitching: RHP Júlio Torres
Batting: SHB Scott Compton 0-0: Ball
1-0: Reached on error, E4 (Groundball, 4)
Pitching: LHP Ricardo Vega
Pinch Runner at 1st Gerardo Álvarez:
Pinch Hitting: RHB Ray Ervin 0-0: Foul Ball, location: 2F
0-1: Reached on error, E1 (Groundball, 15S)
Gerardo Álvarez to second
Pinch Hitting: RHB Lee Price 0-0: Ball
1-0: Swinging Strike
1-1: Foul Ball, location: 2F
1-2: Fly out, F4 (Popup, 89S)
Pinch Hitting: RHB John Dinkins 0-0: Swinging Strike
0-1: Ball
Passed Ball!
Gerardo Álvarez to third
Ray Ervin to second
1-1: Swinging Strike
1-2: Ball
2-2: Foul Ball, location: 2F
2-2: Foul Ball, location: 2F
2-2: Ground out 4-3 (Groundball, 4)
Top of the 8th over - 0 run(s), 0 hit(s), 2 error(s), 2 left on base; Santa Fe 3 - BlackIron 4
BOTTOM OF THE 8TH
BlackIron Dragons batting - Pitching for Santa Fe Diablos : LHP Sean Perry
Pitching: RHP David Sheppard
Now at 2B: John Dinkins
Now at SS: John Riley
Now in RF: Lee Price
Batting: RHB Frank Maxwell 0-0: Fly out, F9 (Flyball, 9M)
Batting: RHB Mark Arnold 0-0: Swinging Strike
0-1: Swinging Strike
0-2: Ball
1-2: Strikes out swinging
Batting: RHB Juan Hernández 0-0: Swinging Strike
0-1: Ball
1-1: Foul Ball, location: 2F
1-2: Strikes out swinging, 2-3 out at first.
Bottom of the 8th over - 0 run(s), 0 hit(s), 0 error(s), 0 left on base; Santa Fe 3 - BlackIron 4
TOP OF THE 9TH
Santa Fe Diablos batting - Pitching for BlackIron Dragons : LHP Ricardo Vega
Pitching: RHP Clayton Hawkins
Batting: RHB Roberto Zamora 0-0: Called Strike
0-1: Ball
1-1: Ball
2-1: Ball
3-1: Called Strike
3-2: SINGLE (Groundball, 4MD)
Batting: RHB Murai Ishihara 0-0: Called Strike
0-1: Fielders Choice at 2nd, 1-6 (Groundball, 13S)
Batting: RHB Robert Johnson 0-0: Called Strike
0-1: Swinging Strike
0-2: Foul Ball, location: 2F
0-2: Ball
1-2: Ball
2-2: Ball
3-2: Base on Balls
Murai Ishihara to second
Batting: LHB John Nicholson 0-0: Ball
1-0: SINGLE (Line Drive, 9S)
Murai Ishihara to third
Robert Johnson to second
Runner from 3rd tries for Home, SAFE, no throw or cutoff
Pinch Hitting: RHB José Alvarado 0-0: Ball
1-0: SINGLE (Line Drive, 9S)
Robert Johnson to third
John Nicholson to second
Batting: RHB Gerardo Álvarez 0-0: Ball
1-0: Fly out, F3 (Popup, 3F)
Pinch Hitting: RHB Michael Anderson 0-0: Called Strike
0-1: Called Strike
0-2: Strikes out swinging passed ball, reaches first!
Robert Johnson scores
John Nicholson to third
José Alvarado to second
Batting: RHB Lee Price 0-0: Ball
1-0: Ball
2-0: Foul Ball, location: 2F
2-1: Ground out 6-3 (Groundball, 56)
Top of the 9th over - 2 run(s), 3 hit(s), 0 error(s), 3 left on base; Santa Fe 5 - BlackIron 4
BOTTOM OF THE 9TH
BlackIron Dragons batting - Pitching for Santa Fe Diablos : RHP David Sheppard
Pitching: LHP Jerry Beck
Now at 1B: David Hernández
Now at 2B: José Alvarado
Now in CF: Keith Jones
Batting: RHB Eugene Payne 0-0: Called Strike
0-1: Ball
1-1: Ball
2-1: Called Strike
2-2: SINGLE (Line Drive, 7S)
Batting: RHB José Colón 0-0: Ball
1-0: Ball
2-0: Swinging Strike
2-1: SINGLE (Line Drive, 9LS)
Eugene Payne to second
Batting: RHB Boyd Pittman 0-0: Swinging Strike
0-1: Foul Ball, location: 2F
0-2: Fielders Choice at 2nd, 3-6 (Groundball, 34)
Eugene Payne to third
Batting: RHB Gil Palmer 0-0: Called Strike
0-1: Foul Ball, location: 2F
0-2: Fly out, F9 (Flyball, 89XD)
Runner from 3rd tags up, SCORES, no throw
Batting: LHB Culley Vaughan 0-0: Ball
1-0: Called Strike
1-1: Foul Ball, location: 2F
1-2: Strikes out looking
Bottom of the 9th over - 1 run(s), 2 hit(s), 0 error(s), 1 left on base; Santa Fe 5 - BlackIron 5
TOP OF THE 10TH
Santa Fe Diablos batting - Pitching for BlackIron Dragons : RHP Clayton Hawkins
Batting: RHB John Dinkins 0-0: Called Strike
0-1: Ball
1-1: Called Strike
1-2: Foul Ball, location: 2F
1-2: Ground out 6-3 (Groundball, 6M)
Batting: RHB Roberto Zamora 0-0: Called Strike
0-1: Called Strike
0-2: Strikes out swinging
Batting: LHB David Hernández 0-0: Ball
1-0: Called Strike
1-1: Ball
2-1: Foul Ball, location: 2F
2-2: Strikes out swinging
Top of the 10th over - 0 run(s), 0 hit(s), 0 error(s), 0 left on base; Santa Fe 5 - BlackIron 5
BOTTOM OF THE 10TH
BlackIron Dragons batting - Pitching for Santa Fe Diablos : LHP Jerry Beck
Batting: RHB Preston MacLyan 0-0: Called Strike
0-1: Ball
1-1: Fly out, F3 (Popup, 3DF)
Batting: RHB Frank Maxwell 0-0: Foul Ball, location: 2F
0-1: Foul Ball, location: 2F
0-2: Ball
1-2: Ground out 6-3 (Groundball, 6)
Batting: RHB Mark Arnold 0-0: Ball
1-0: Called Strike
1-1: Swinging Strike
1-2: Strikes out swinging
Bottom of the 10th over - 0 run(s), 0 hit(s), 0 error(s), 0 left on base; Santa Fe 5 - BlackIron 5
TOP OF THE 11TH
Santa Fe Diablos batting - Pitching for BlackIron Dragons : RHP Clayton Hawkins
Pitching: RHP Luis Canseco
Batting: RHB Robert Johnson 0-0: SINGLE (Flyball, 7S)
Batting: LHB John Nicholson 0-0: Called Strike
0-1: Ball
1-1: Ball
2-1: Ball
3-1: Swinging Strike
3-2: Base on Balls
Robert Johnson to second
Batting: RHB José Alvarado 0-0: Swinging Strike
0-1: Foul Ball, location: 2F
0-2: Foul Ball, location: 2F
0-2: Foul Ball, location: 2F
0-2: Ball
1-2: Strikes out looking
Batting: RHB Gerardo Álvarez 0-0: Ball
1-0: Foul Ball, location: 2F
1-1: Ball
2-1: Ball
3-1: Base on Balls
Robert Johnson to third
John Nicholson to second
Batting: RHB Keith Jones 0-0: Called Strike
0-1: Ball
1-1: Ball
2-1: Grounds into fielders choice 1-2 (Groundball, 13S)
John Nicholson to third
Gerardo Álvarez to second
Batting: RHB Lee Price 0-0: Called Strike
0-1: Ball
1-1: Ball
2-1: Ball
3-1: Base on Balls
John Nicholson scores
Gerardo Álvarez to third
Keith Jones to second
Batting: RHB John Dinkins 0-0: Foul Ball, location: 2F
0-1: Ball
1-1: Ball
2-1: Foul Ball, location: 2F
2-2: Foul Ball, location: 2F
2-2: Foul Ball, location: 2F
2-2: Foul Ball, location: 2F
2-2: Ball
3-2: Base on Balls
Gerardo Álvarez scores
Keith Jones to third
Lee Price to second
Batting: RHB Roberto Zamora 0-0: Called Strike
0-1: Ball
1-1: Called Strike
1-2: Ball
2-2: Strikes out swinging
Top of the 11th over - 2 run(s), 1 hit(s), 0 error(s), 3 left on base; Santa Fe 7 - BlackIron 5
BOTTOM OF THE 11TH
BlackIron Dragons batting - Pitching for Santa Fe Diablos : LHP Jerry Beck
Pitching: RHP Tex Perkins
Batting: RHB Juan Hernández 0-0: Called Strike
0-1: Ball
1-1: Swinging Strike
1-2: Ball
2-2: Strikes out looking
Batting: RHB Eugene Payne 0-0: Ball
1-0: Ball
2-0: Ball
3-0: Base on Balls
Batting: RHB José Colón 0-0: Ball
1-0: Called Strike
1-1: Swinging Strike
1-2: Ball
2-2: Foul Ball, location: 2F
2-2: Ball
3-2: Base on Balls
Eugene Payne to second
Pinch Hitting: LHB Chris Waggoner 0-0: Called Strike
0-1: Ball
1-1: Foul Ball, location: 2F
1-2: Ball
2-2: Ground out 3-1 (Groundball, 34)
Eugene Payne to third
José Colón to second
Batting: RHB Gil Palmer 0-0: Swinging Strike
0-1: Ball
1-1: Ground out 5-3 (Groundball, 56)
Bottom of the 11th over - 0 run(s), 0 hit(s), 0 error(s), 2 left on base; Santa Fe 7 - BlackIron 5
Monday, December 5th, 2016 - OOTP Baseball 17.12 Build 75